[Event "Late-Titled-Tuesday-Blitz-June-25-2024"]
[Site "Chess.com"]
[Date "2024.06.25"]
[Round "11"]
[White "CM_rui"]
[Black "AlphaPerseii"]
[Result "0-1"]
[WhiteElo "2559"]
[BlackElo "2418"]
[TimeControl "180+1"]
[EndTime "16:07:12 PDT"]
[Termination "AlphaPerseii won on time"]

1. e4 c5 2. Nf3 Nc6 3. c3 Nf6 4. e5 Nd5 5. d4 cxd4 6. cxd4 d6 7. Bc4 Nb6 8. Bb5 Bd7 9. O-O dxe5 10. dxe5 e6 11. Nc3 a6 12. Bd3 Be7 13. Qe2 Nb4 14. Bb1 Qc7 15. Be3 N4d5 16. Nxd5 Nxd5 17. Rc1 Qa5 18. Bd2 Qb6 19. Be4 Bb5 20. Qe1 Rd8 21.
Ba5 Qa7 22. Bxd8 Bxd8 23. Bxd5 exd5 24. e6 Bb6 25. exf7+ Kxf7 26. Ng5+ Kg6 27. Qe6+ Kxg5 28. h4+ Kxh4 29. Rc3 Bxf2+ 30. Kh2 Qb8+ 31. g3+ Bxg3+ 32. Kg2 Re8 33. Rh1+ Kg5 34. Qxd5+ Kf6 35. Rxg3 Re2+ 36. Kh3 Qf4 37. Qd8+ Kf7 38. Qd5+ Kf6 39. Qd8+ Kf7 40. Qg5 Bd7+ 41. Rg4 Qxg5 42. Rf1+ Kg8 43. Rg1 Bxg4+ 44.
Rxg4 Re3+ 0-1

[Event "Late-Titled-Tuesday-Blitz-June-25-2024"]
[Site "Chess.com"]
[Date "2024.06.25"]
[Round "11"]
[White "manitodeplomo"]
[Black "Akhayan"]
[Result "1-0"]
[WhiteElo "2583"]
[BlackElo "2410"]
[TimeControl "180+1"]
[EndTime "16:07:14 PDT"]
[Termination "manitodeplomo won by resignation"]

1. d4 Nf6 2. c4 g6 3. Nc3 d5 4. Nf3 Bg7 5. Qb3 dxc4 6. Qxc4 O-O 7. e4 Bg4 8. Be3 Nfd7 9. Ng5 Nb6 10. Qd3 Nc6 11. h3 Bc8 12. O-O-O e5 13. Nf3 exd4 14. Nxd4 Ne5 15. Qb5 Qe7 16. Nb3 c6 17. Qc5 Qf6 18.
f4 Ned7 19. Qd6 Qxd6 20. Rxd6 Re8 21. e5 Nf8 22. Be2 Be6 23. Nc5 Bc4 24. Bf3 Ne6 25. Nxb7 Rab8 26. Na5 Bd5 27. Nxc6 Bxc6 28. Bxc6 Rec8 29. Bb5 Bf8 30. Rd2 Bb4 31. Rc2 Bxc3 32. Rxc3 Rxc3+ 33. bxc3 Nd5 34. Bf2 Rxb5 35. c4 Ra5 36.
cxd5 Rxd5 37. Rd1 Rxd1+ 38. Kxd1 Nxf4 39. Bxa7 Nd3 40. a4 Nxe5 41. a5 Nc6 42. Bb6 Nb8 43. Kd2 f5 44. Kd3 Kf7 45. Kc4 Ke6 46. Kb5 Kd5 47. Bc7 Nd7 48. a6 Nf8 49. a7 Ne6 50. Kb6 Nxc7 51. Kxc7 1-0

[Event "Late-Titled-Tuesday-Blitz-June-25-2024"]
[Site "Chess.com"]
[Date "2024.06.25"]
[Round "11"]
[White "chess_sharparchitect"]
[Black "UnTucopalaTimba"]
[Result "1-0"]
[WhiteElo "2323"]
[BlackElo "2118"]
[TimeControl "180+1"]
[EndTime "16:07:16 PDT"]
[Termination "chess_sharparchitect won by resignation"]

1. c4 Nf6 2. Nc3 e6 3. e4 Nc6 4. Nf3 d6 5. d4 a6 6. Be2 e5 7. O-O Be7 8. h3 O-O 9. Be3 exd4 10.
Nxd4 Bd7 11. Qd2 Nxd4 12. Bxd4 Bc6 13. Bd3 Re8 14. Rae1 Qd7 15. b3 Rad8 16. Qg5 h6 17.
Qg3 b6 18. Kh1 Bb7 19. Nd5 Bxd5 20. cxd5 a5 21. a4 Qc8 22. Bb5 Rf8 23. f4 g6 24.
Bd3 Nh5 25. Qf2 Bf6 26. e5 dxe5 27. fxe5 Bh8 28. Bc4 c5 29. Bb2 Kh7 30. d6 Qd7 31.
Rd1 Rde8 32. Rfe1 Ng7 33. g4 Ne6 34. Bd3 Nd4 35. Bxd4 cxd4 36. Qxd4 Qc6+ 37. Qe4 Qd7 38. Qd5 Re6 39. Re2 Qd8 40. Qf3 Qd7 41. Rde1 Kg8 42. Bc4 Ree8 43. e6 fxe6 44. Qe4 Kh7 45. Bxe6 Rxe6 46.
Qxe6 Qc6+ 47. Qe4 Qd7 48. Qd5 1-0

[Event "Late-Titled-Tuesday-Blitz-June-25-2024"]
[Site "Chess.com"]
[Date "2024.06.25"]
[Round "11"]
[White "Queensandpawns"]
[Black "MathiasWomacka"]
[Result "1-0"]
[WhiteElo "2316"]
[BlackElo "2512"]
[TimeControl "180+1"]
[EndTime "16:07:17 PDT"]
[Termination "Queensandpawns won on time"]

1. e4 c5 2. d4 cxd4 3. c3 dxc3 4. Bc4 Nc6 5. Nf3 d6 6. O-O Nf6 7. Nxc3 a6 8. Bg5 e6 9. Re1 Be7 10. Qd2 b5 11. Bb3 O-O 12. Rad1 Bb7 13. Bc2 Rc8 14. Bb1 Na5 15. Qe2 Qc7 16. Qc2 e5 17. Qd2 Nc4 18. Qc1 Nxb2 19. Qxb2 Qxc3 20. Qe2 Rfd8 21. Bd3 h6 22. Be3 Qc7 23. Nh4 Bxe4 24. Bxe4 Nxe4 25. Nf5 Bg5 26. Qg4 Nf6 27. Qg3 Qd7 28.
Bxg5 Qxf5 29. Bxh6 Qg6 30. Bg5 Nh7 31. Bxd8 Qxg3 32. hxg3 Rxd8 33. Rxe5 Nf6 34. Re7 d5 35. Ra7 Rd6 36. f3 d4 37. Kf2 g6 38. Ra8+ Kg7 39. Rc8 Nd7 40. Rc2 Ne5 41. Rcd2 d3 42.
f4 Ng4+ 43. Kf3 f5 44. Rxd3 Rc6 45. Rd7+ Kf6 46. R7d6+ Rxd6 47. Rxd6+ Kf7 48. Rxa6 Nf6 49. Ra7+ Ke6 50. Rb7 1-0

[Event "Late-Titled-Tuesday-Blitz-June-25-2024"]
[Site "Chess.com"]
[Date "2024.06.25"]
[Round "11"]
[White "Maus7"]
[Black "Slovineanu"]
[Result "1/2-1/2"]
[WhiteElo "2665"]
[BlackElo "2574"]
[TimeControl "180+1"]
[EndTime "16:07:19 PDT"]
[Termination "Game drawn by stalemate"]

1. e4 c6 2. Nf3 d5 3. Nc3 dxe4 4. Nxe4 Nf6 5. Nxf6+ exf6 6. Bc4 Bd6 7. Qe2+ Qe7 8.
Qxe7+ Kxe7 9. O-O Re8 10. Re1+ Kf8 11. Rxe8+ Kxe8 12. d4 a5 13. a4 Na6 14. Bd2 Nc7 15.
Re1+ Be6 16. c3 Kd7 17. Bd3 Nd5 18. g3 g6 19. Kg2 h5 20. Ng1 h4 21. f3 hxg3 22.
hxg3 b6 23. Ne2 Rh8 24. Rh1 Rxh1 25. Kxh1 f5 26. Kg2 Nc7 27. Bc2 Bc4 28. Nf4 Nd5 29.
Nxd5 Bxd5 30. Kf2 b5 31. Bf4 Bxf4 32. gxf4 b4 33. Ke3 f6 34. Bd1 bxc3 35. bxc3 Bc4 36. Bc2 Kd6 37. Bd1 Kd5 38. Bc2 c5 39. dxc5 Kxc5 40.
Bd1 Bd5 41. Be2 Bc6 42. Bd1 Kc4 43. Kd2 g5 44. fxg5 fxg5 45. Bc2 g4 46. Bxf5 Bxf3 47. Bxg4 Bxg4 48. Kc2 Bd7 49. Kb2 Bxa4 50. Ka1 Bc6 51. Kb1 a4 52. Ka1 Kb3 53. Kb1 a3 54. Ka1 Bb5 55.
c4 Bxc4 56. Kb1 Bd3+ 57. Ka1 a2 1/2-1/2

[Event "Late-Titled-Tuesday-Blitz-June-25-2024"]
[Site "Chess.com"]
[Date "2024.06.25"]
[Round "11"]
[White "Bilan_Danila"]
[Black "Charodej1"]
[Result "1-0"]
[WhiteElo "2628"]
[BlackElo "2505"]
[TimeControl "180+1"]
[EndTime "16:07:19 PDT"]
[Termination "Bilan_Danila won by resignation"]

1. d4 Nf6 2. Nf3 e6 3. Bg5 d5 4.
e3 Be7 5. Bd3 Nbd7 6. Nbd2 c5 7.
c3 O-O 8. O-O b6 9. Ne5 Bb7 10.
f4 Ne4 11. Bxe7 Qxe7 12. Nxe4 dxe4 13. Bc4 cxd4 14. cxd4 Nf6 15. Qe2 Bd5 16. Rfc1 Qd6 17. Ba6 Ne8 18. Rc3 Nc7 19. Rac1 Nxa6 20. Qxa6 f6 21. Nc6 Rf7 22. a3 Rc7 23. Nb4 Rxc3 24.
Rxc3 h5 25. Qe2 g6 26. Qa6 Qd7 27. Nxd5 exd5 28. h3 Kf8 29. b4 Ke8 30. b5 Kd8 31. Rc6 Rc8 32. Rxc8+ Qxc8 33. Qxa7 Qc1+ 34. Kh2 Qxe3 35.
Qxb6+ Ke7 36. Qc7+ Ke6 37. b6 h4 38. f5+ gxf5 39.
b7 f4 40. Qc8+ Ke7 41. Qc7+ Ke6 42. Qc8+ Ke7 43. Qg4 Qb3 44. Qxh4 Ke6 45. Qg4+ Ke7 46. Qg7+ Ke6 47. Qg8+ Ke7 48. b8=Q 1-0

[Event "Late-Titled-Tuesday-Blitz-June-25-2024"]
[Site "Chess.com"]
[Date "2024.06.25"]
[Round "11"]
[White "Flaccidmoves"]
[Black "simaopdias"]
[Result "1-0"]
[WhiteElo "2528"]
[BlackElo "2273"]
[TimeControl "180+1"]
[EndTime "16:07:19 PDT"]
[Termination "Flaccidmoves won on time"]

1. d4 Nf6 2. c4 e6 3. Nc3 b6 4.
e4 Bb4 5. e5 Ne4 6. Qf3 Bb7 7. a3 Bxc3+ 8. bxc3 d5 9. cxd5 exd5 10. Bd3 Nd7 11. Qg4 g6 12. f3 h5 13. Qf4 Nxc3 14.
Nh3 c5 15. e6 Qe7 16. Ng5 fxe6 17. Bxg6+ Kd8 18. Nf7+ Kc8 19. Nd6+ Kd8 20. Nxb7+ Kc8 21. Nd6+ Kd8 22. Nf7+ Kc8 23. Nxh8 Kb7 24. Nf7 Nb5 25. Be3 cxd4 26. Bxd4 Rf8 27. Bg7 Rc8 28. O-O h4 29. Rac1 Rg8 30. Qh6 Nd6 31. Nxd6+ Qxd6 32. Bf7 Rd8 33.
Qxe6 Qf4 34. Qc6+ Ka6 35. Bxd5 Nc5 36. Bc4+ Qxc4 37. Rxc4 h3 38. Rxc5 hxg2 39. Rb1 Rd1+ 40. Kxg2 Rg1+ 41. Kh3 Rg3+ 42. Kh4 Rh3+ 43. Kg5 Rh5+ 44.
Kf6 Rf5+ 45. Ke7 Rf7+ 46. Kd6 Rd7+ 47. Qxd7 bxc5 48. Qb7+ 1-0

[Event "Late-Titled-Tuesday-Blitz-June-25-2024"]
[Site "Chess.com"]
[Date "2024.06.25"]
[Round "11"]
[White "xasid81"]
[Black "Gabrielian_Artur"]
[Result "0-1"]
[WhiteElo "2575"]
[BlackElo "2732"]
[TimeControl "180+1"]
[EndTime "16:07:20 PDT"]
[Termination "Gabrielian_Artur won by resignation"]

1. e4 c5 2. Nf3 d6 3. c3 Nf6 4.
Bd3 Nc6 5. Bc2 e5 6. h3 h6 7. d4 exd4 8. cxd4 cxd4 9. Nxd4 Be7 10. O-O O-O 11. Nc3 Re8 12. Bf4 Bf8 13. Ndb5 Ne5 14. Rc1 a6 15. Nd4 Bd7 16. Nf3 Rc8 17. Nxe5 dxe5 18. Be3 Be6 19. Qf3 Bc5 20. Rfd1 Qe7 21. Bb3 Bxb3 22. axb3 Bxe3 23. Qxe3 Red8 24. Nd5 Nxd5 25.
Rxd5 Qg5 26. Qxg5 hxg5 27. Rxd8+ Rxd8 28. Rc7 Rd4 29. Rxb7 Rxe4 30. Rb6 Re1+ 31. Kh2 Re2 32. f3 Rxb2 33. Rxa6 Rxb3 34. Kg3 Rb2 35. Ra4 f6 36. h4 gxh4+ 37. Rxh4 Kf7 38. Ra4 g5 39. Kh3 Rb3 40. Kg4 Kg6 41. Kg3 Rd3 42. Rb4 Rd4 43.
Rb6 Rd2 44. Rb4 Re2 45. Ra4 f5 46. Kh3 e4 47. fxe4 Re3+ 48. g3 f4 49. Ra6+ Kh5 50.
Re6 Rxg3+ 51. Kh2 Re3 52. e5 Kg4 53. Re8 Re2+ 54. Kg1 f3 55. Kf1 Kg3 56. e6 g4 57.
e7 Re6 0-1

[Event "Late-Titled-Tuesday-Blitz-June-25-2024"]
[Site "Chess.com"]
[Date "2024.06.25"]
[Round "11"]
[White "CrimeFightingSpider07"]
[Black "romulocardoso"]
[Result "1-0"]
[WhiteElo "2556"]
[BlackElo "2339"]
[TimeControl "180+1"]
[EndTime "16:07:21 PDT"]
[Termination "CrimeFightingSpider07 won on time"]

1. Nf3 c5 2. g3 g6 3. Bg2 Bg7 4. O-O Nc6 5. c3 e5 6. d4 cxd4 7. cxd4 Nxd4 8. Nxd4 exd4 9. Nd2 Ne7 10. Nf3 Nc6 11.
b3 O-O 12. Bb2 d3 13. Bxg7 dxe2 14. Qxe2 Kxg7 15. Rfd1 d5 16. Qb2+ Kg8 17. Ne5 Qf6 18. Nd3 Qxb2 19. Nxb2 Be6 20. Bxd5 Bxd5 21. Rxd5 Rfe8 22.
Rad1 Re2 23. R5d2 Rae8 24. Kf1 Rxd2 25. Rxd2 Ne5 26. Re2 Kf8 27. f4 Nc6 28. Rxe8+ Kxe8 29. Ke2 Nb4 30. a4 a6 31. Nc4 Kd7 32. Ke3 b5 33. axb5 axb5 34. Ne5+ Ke6 35. Kd4 f6 36. Nf3 Kd6 37. Nd2 Nc2+ 38. Kd3 Nb4+ 39. Kd4 Nc2+ 40. Kc3 Ne3 41. Kd3 Ng4 42. Ne4+ Ke6 43. h3 Nh6 44.
Nc3 Nf5 45. g4 Nd6 46. Kd4 h5 47. Kc5 hxg4 48. hxg4 f5 49. gxf5+ Nxf5 50. Nxb5 Ne3 51. Nd4+ Kd7 52. b4 Ng2 53. Ne2 Kc7 54. b5 Kb7 55. b6 Kb8 56. Kc6 Kc8 57. b7+ Kb8 58. Kb6 Ne3 59. Nd4 Nc4+ 60. Ka6 1-0

[Event "Late-Titled-Tuesday-Blitz-June-25-2024"]
[Site "Chess.com"]
[Date "2024.06.25"]
[Round "11"]
[White "KoshkaMatrioshka"]
[Black "Mackster23"]
[Result "0-1"]
[WhiteElo "2562"]
[BlackElo "2671"]
[TimeControl "180+1"]
[EndTime "16:07:23 PDT"]
[Termination "Mackster23 won by resignation"]

1. c4 e6 2. Nf3 d5 3. g3 Nf6 4.
Bg2 d4 5. e3 Nc6 6. O-O e5 7.
exd4 e4 8. Re1 Be7 9. Ng5 Bg4 10.
Qa4 O-O 11. d5 Nd4 12. h3 Bd7 13. Qd1 c6 14. Nxe4 cxd5 15. Nxf6+ Bxf6 16. cxd5 Bf5 17. d3 Re8 18. Be3 Qb6 19. Qd2 Bxh3 20. Nc3 Bxg2 21.
Kxg2 Qd6 22. Bg5 Bxg5 23. Qxg5 Nc2 24. Rxe8+ Rxe8 25. Rh1 h6 26. Qg4 Nb4 27. Qc4 a5 28. a3 Na6 29. Rh4 Rd8 30. Qd4 Nc7 31. Rg4 g6 32. Ne4 Qxd5 33. Qb6 Ne6 34. Kh2 Kg7 35. Rh4 Qxd3 36. Nc3 Qd6 37. Qe3 h5 38. Re4 Rd7 39. Re5 b6 40. Nb5 Qc6 41. Qc3 Qxc3 42. bxc3 Rd2 43. Kg2 Rb2 44. a4 Ra2 45. Re4 Nc5 46.
Rc4 Rxa4 47. Rxa4 Nxa4 48. Nd6 Nxc3 49. Nc4 Nd5 50. f4 a4 51. Kf3 b5 52. Na3 b4 53. Nc4 a3 54. Ke4 a2 55. Kxd5 a1=Q 56. Ne5 Qxe5+ 57. Kxe5 b3 0-1

[Event "Late-Titled-Tuesday-Blitz-June-25-2024"]
[Site "Chess.com"]
[Date "2024.06.25"]
[Round "11"]
[White "Flawless_Fighter"]
[Black "igorkovalenko"]
[Result "0-1"]
[WhiteElo "2784"]
[BlackElo "2990"]
[TimeControl "180+1"]
[EndTime "16:07:24 PDT"]
[Termination "igorkovalenko won on time"]

1. e4 d5 2. exd5 Qxd5 3. Nc3 Qa5 4. d4 Nf6 5. Nf3 c6 6. Bc4 Bf5 7. O-O e6 8. h3 Be7 9. Nh4 Bg6 10. Nxg6 hxg6 11. Bd2 Qd8 12. Be3 Nbd7 13. Qf3 O-O 14. Rad1 Nb6 15. Bd3 Nbd5 16. Nxd5 cxd5 17. c3 b5 18. a3 Rb8 19. Qe2 Qb6 20. Bf4 Rb7 21. h4 a5 22. g3 b4 23. cxb4 axb4 24. a4 b3 25. Bb5 Ne4 26. h5 g5 27. Be3 Rc8 28. Rc1 Rbc7 29. Rxc7 Rxc7 30. Qd3 Bf6 31. Kg2 Nd6 32. Ra1 Rb7 33. Ra3 Nf5 34. Rxb3 Nxd4 35. Bxd4 Qxd4 36. Qxd4 Bxd4 37. a5 Kf8 38. f4 gxf4 39.
gxf4 Ke7 40. Kf3 Kd6 41. a6 Ra7 42. Bd3 Kc6 43. Rb8 f6 44. b4 e5 45. b5+ Kc7 46.
Rg8 Kb6 47. fxe5 fxe5 48. Re8 e4+ 49. Bxe4 dxe4+ 50. Kxe4 Bg1 51. Rb8+ Ka5 52. Kd5 Bb6 53.
Kc6 Rc7+ 54. Kd6 Kxb5 55. a7 Rxa7 56. Rg8 Be3 0-1

[Event "Late-Titled-Tuesday-Blitz-June-25-2024"]
[Site "Chess.com"]
[Date "2024.06.25"]
[Round "11"]
[White "Jagerrmeisterr"]
[Black "JulbeNn"]
[Result "0-1"]
[WhiteElo "2650"]
[BlackElo "2575"]
[TimeControl "180+1"]
[EndTime "16:07:24 PDT"]
[Termination "JulbeNn won by resignation"]

1. Nf3 Nf6 2. b3 g6 3. Bb2 Bg7 4. g3 b6 5. Bg2 Bb7 6. O-O O-O 7. d3 e6 8. Nbd2 d5 9. Qe1 Na6 10. a3 Qe7 11. e4 Rfd8 12. e5 Nd7 13. h4 h5 14. Ng5 c5 15. f4 Rac8 16. g4 hxg4 17. h5 Nf8 18. Qh4 f5 19. exf6 Bxf6 20. Bxf6 Qxf6 21.
hxg6 Rd7 22. Rae1 Nc7 23. Qxg4 Rg7 24. f5 exf5 25. Rxf5 Qd4+ 26. Qxd4 cxd4 27. Ndf3 Nxg6 28. Nxd4 Nh4 29. Rfe5 Ng6 30. R5e3 Nf4 31. Rg3 Nh5 32. Rg4 Nf6 33. Rf4 Nh5 34. Rf5 Ng3 35. Rxd5 Bxd5 36. Bxd5+ Nxd5 37. Nde6 Rg6 38. Re5 Nf6 39. Nf4 Rg7 40. Kh2 Ngh5 41. Nfe6 Rxc2+ 42. Kh3 Re7 43. d4 Rc3+ 44. Kh4 Ng7 45. d5 Nxe6 46. Nxe6 Nxd5 47. Rg5+ Kf7 48. Nd8+ Ke8 49. Rxd5 Rd7 50. Rxd7 Kxd7 51. Nf7 Rxb3 52. Ne5+ Ke6 53. Nc6 Rxa3 54. Kg4 Ra4+ 55. Kf3 Kd6 56. Nd8 Ke7 57. Nc6+ Kd6 58. Nd8 a5 59.
Ke3 Rh4 60. Nf7+ Kc5 61. Ne5 a4 62. Kd2 b5 63. Kc2 b4 64. Nd3+ Kb5 65. Kb1 Rh2 66.
Ka1 a3 67. Nc1 Ka4 68. Nd3 b3 69. Nc5+ Kb4 70. Nd3+ Kc3 71. Ne1 Rh1 0-1

[Event "Late-Titled-Tuesday-Blitz-June-25-2024"]
[Site "Chess.com"]
[Date "2024.06.25"]
[Round "11"]
[White "Necromon"]
[Black "legendisback1"]
[Result "0-1"]
[WhiteElo "2615"]
[BlackElo "3026"]
[TimeControl "180+1"]
[EndTime "16:07:26 PDT"]
[Termination "legendisback1 won by resignation"]

1. Nf3 b6 2. g3 Bb7 3. Bg2 g6 4. d4 Bg7 5. O-O Nf6 6. Bf4 O-O 7. Qc1 c5 8. Bh6 cxd4 9. Bxg7 Kxg7 10. Rd1 Nc6 11.
Nxd4 Nxd4 12. Rxd4 Bxg2 13. Kxg2 Qc7 14. c4 Rac8 15. Nd2 d5 16. Qc3 e5 17. Rd3 d4 18.
Qb4 Rfd8 19. e3 a5 20. Qb3 Qc6+ 21. Kg1 dxe3 22. fxe3 Ng4 23. Rd1 Qf6 24. Rf1 Qe6 25.
Rxd8 Rxd8 26. Ne4 f5 27. Nf2 Nf6 28. Rd1 Rxd1+ 29. Nxd1 Qd6 30. Nf2 e4 31. Qc3 Kf7 32. Kg2 h5 33. a3 Nd7 34. b4 axb4 35. Qxb4 Nc5 36. a4 Qf6 37. a5 Nd3 38. Nxd3 exd3 39. axb6 Qc6+ 40. Kf2 Qh1 41. b7 Qxh2+ 42. Kf1 Qe2+ 43.
Kg1 Qxe3+ 44. Kg2 Qe2+ 45. Kg1 d2 46. Qxd2 Qxd2 47. b8=Q Qc1+ 48. Kg2 Qxc4 49. Qb7+ Kf6 50. Qb6+ Qe6 51. Qd8+ Qe7 52. Qh8+ Kg5 53. Qd4 Qe4+ 0-1

[Event "Late-Titled-Tuesday-Blitz-June-25-2024"]
[Site "Chess.com"]
[Date "2024.06.25"]
[Round "11"]
[White "Zhigalko_Sergei"]
[Black "Nf3c5"]
[Result "1-0"]
[WhiteElo "2940"]
[BlackElo "2656"]
[TimeControl "180+1"]
[EndTime "16:07:28 PDT"]
[Termination "Zhigalko_Sergei won by checkmate"]

1. e4 d6 2. d4 Nf6 3. Nc3 g6 4. Nf3 Bg7 5. h3 O-O 6. Be3 a6 7. Bd3 Nc6 8. O-O e5 9. Re1 exd4 10. Nxd4 Nxd4 11. Bxd4 c5 12. Be3 Be6 13. Qd2 b5 14. Bh6 Nh5 15. Bxg7 Kxg7 16. Rad1 Qf6 17. Bf1 Rad8 18.
g3 b4 19. Na4 a5 20. c4 h6 21.
Nb6 Qg5 22. b3 Rfe8 23. Bg2 Qxd2 24. Rxd2 Kf6 25. Red1 Ke7 26. Kh2 Nf6 27. f4 Nd7 28. Na4 Nf6 29. e5 dxe5 30. fxe5 Nd7 31. Re1 Rc8 32. g4 Rc7 33. Kg3 g5 34. Bd5 Nf8 35. Nb6 Ng6 36. Be4 Nf4 37. Bf5 Rc6 38. Nd5+ Kf8 39.
Nxf4 gxf4+ 40. Kxf4 a4 41. Rd6 Rec8 42. Bxe6 fxe6 43.
Red1 Ke7 44. Ke4 axb3 45. Rd7+ Ke8 46. axb3 R6c7 47. R7d6 Ke7 48. Rf1 Ra8 49. Rf6 Ra3 50. Rfxe6+ Kf7 51. Rxh6 Kg7 52. Rdg6+ Kf8 53. e6 Rxb3 54.
Rh8+ Ke7 55. Rh7+ Kd6 56. e7+ Kd7 57. e8=Q+ Kxe8 58. Rg8# 1-0

[Event "Late-Titled-Tuesday-Blitz-June-25-2024"]
[Site "Chess.com"]
[Date "2024.06.25"]
[Round "11"]
[White "Zq1"]
[Black "FloMasterAAK"]
[Result "1-0"]
[WhiteElo "2513"]
[BlackElo "2602"]
[TimeControl "180+1"]
[EndTime "16:07:29 PDT"]
[Termination "Zq1 won on time"]

1. d4 d5 2. c4 dxc4 3. e3 e5 4. Bxc4 exd4 5. exd4 Nf6 6. Nf3 Bd6 7. O-O O-O 8. h3 Nc6 9. Nc3 h6 10. Be3 Ne7 11. a3 a6 12. Qd3 Bf5 13. Qd2 Re8 14. Rfe1 c6 15. Rad1 Ned5 16. Bxd5 cxd5 17. Bf4 Ne4 18.
Nxe4 Bxe4 19. Ne5 Rc8 20. Rc1 Qf6 21. Bg3 Bxe5 22. Bxe5 Qg6 23. Bg3 Kh7 24. Kh2 Rxc1 25. Qxc1 Re6 26. f3 Bd3 27. Rxe6 Qxe6 28. Qe1 Qf6 29. Qc3 Qf5 30. h4 Bb5 31. b3 Qb1 32. a4 Bf1 33. Bf2 Qa2 34. Qe3 Qc2 35. Kg1 Bd3 36.
b4 b5 37. axb5 axb5 38. Be1 Bc4 39. Kh2 Qb2 40. h5 Qc2 41. Bf2 Qf5 42. g4 Qc2 43. Kg3 Qb1 44. Qe7 Qh1 45. Qxf7 Bf1 46. Qg6+ Kh8 47.
Qe8+ Kh7 48. Qe1 Qg2+ 49. Kf4 Qh2+ 50. Bg3 Qg2 51. Qb1+ Kh8 52. Qg6 Be2 53. Qe8+ Kh7 54. Qe3 Kh8 55. Qf2 Qxf2 56. Bxf2 Bc4 57. Ke5 1-0

[Event "Late-Titled-Tuesday-Blitz-June-25-2024"]
[Site "Chess.com"]
[Date "2024.06.25"]
[Round "11"]
[White "Crazy_girl99"]
[Black "gabduschew"]
[Result "1-0"]
[WhiteElo "2673"]
[BlackElo "2403"]
[TimeControl "180+1"]
[EndTime "16:07:29 PDT"]
[Termination "Crazy_girl99 won by checkmate"]

1. e4 e5 2. Nf3 Nf6 3. Nc3 Nc6 4.
Bb5 Nd4 5. Ba4 c6 6. Nxe5 d6 7.
Nd3 b5 8. Bb3 a5 9. a3 Be7 10.
O-O O-O 11. Ba2 Re8 12. Ne2 Qb6 13. Ng3 Bg4 14. Qe1 Nxc2 15. Qe3 Nxe3 16. dxe3 Bf8 17. Bd2 Bd7 18. f3 g6 19. Rad1 Bg7 20. Ne2 c5 21.
Ndf4 b4 22. Nd5 Nxd5 23. Bxd5 Bc6 24. Bc1 Bb5 25. Rfe1 Qa6 26. Nf4 Rab8 27. h4 h5 28. Nxg6 Bc6 29. Nf4 Bxd5 30. Rxd5 bxa3 31. bxa3 Rb3 32.
Rxh5 c4 33. Rg5 Kf8 34. Nh5 Bh8 35. Kh2 c3 36. Rd1 Qe2 37. Rxd6 Rb2 38. Rh6 Ke7 39. Nf4 Bf6 40. Nd5+ Kd6 41. Rxf6+ Kc5 42. Nf4+ Kc4 43. Nxe2 Rxe2 44. Rc6+ Kb3 45. Rgc5 c2 46. Rc3+ Ka2 47. Rxc2+ Rxc2 48. Rxc2+ Kb3 49. Rc7 a4 50. e5 Rxe5 51.
e4 Rb5 52. g4 Rb8 53. h5 Rd8 54. h6 Rd1 55. h7 Rf1 56. h8=Q Rxf3 57. Qb2# 1-0

[Event "Late-Titled-Tuesday-Blitz-June-25-2024"]
[Site "Chess.com"]
[Date "2024.06.25"]
[Round "11"]
[White "medinapazmiguel1968"]
[Black "IMRosen"]
[Result "0-1"]
[WhiteElo "2461"]
[BlackElo "2694"]
[TimeControl "180+1"]
[EndTime "16:07:34 PDT"]
[Termination "IMRosen won on time"]

1. d4 d5 2. c4 e6 3. Nf3 Nf6 4. Bf4 dxc4 5. Nc3 Bb4 6. e3 b5 7.
a3 Bxc3+ 8. bxc3 Nd5 9. Qc2 Nxf4 10. exf4 Bb7 11. Be2 Qd6 12. Qd2 Nd7 13. O-O Rd8 14. Rfd1 O-O 15. Ne5 Bd5 16. a4 a6 17. axb5 axb5 18.
Rdb1 c6 19. Ra6 Ra8 20. Qa2 Rxa6 21. Qxa6 f6 22. Nxd7 Qxd7 23. Ra1 c5 24. Qb6 cxd4 25. Ra7 Qc6 26. Qxd4 Bxg2 27. Rd7 Be4 28. Qa7 Ra8 29.
Rxg7+ Kh8 30. Qf7 e5 31. Bf1 exf4 32. Rg4 Bg6 33. Rxg6 hxg6 34. h4 Rg8 35. h5 gxh5+ 36. Kh2 Rg5 37. Qf8+ Kh7 38. Qf7+ Kh6 39. Qf8+ Kg6 40.
Bh3 f5 41. Qg8+ Kf6 42. Qh8+ Ke6 43. Qh6+ Kd5 44. Qxg5 Qd6 45. Qxf5+ Qe5 46. Qd7+ Ke4 47. Qc6+ Kd3 48. Qf3+ Kc2 49. Bf1 Kb3 50. Kg2 Qg5+ 51. Kh2 Qe5 52. Be2 Qg5 53. Qb7 Qe5 54. Qf3 Kb2 55.
Bf1 b4 56. cxb4 c3 57. Qd1 c2 58. Qd2 f3+ 59. Kh1 Qc3 0-1

[Event "Late-Titled-Tuesday-Blitz-June-25-2024"]
[Site "Chess.com"]
[Date "2024.06.25"]
[Round "11"]
[White "rionelG"]
[Black "sammartin99"]
[Result "1-0"]
[WhiteElo "2400"]
[BlackElo "2477"]
[TimeControl "180+1"]
[EndTime "16:07:34 PDT"]
[Termination "rionelG won on time"]

1. e4 c6 2. d4 d5 3. e5 Bf5 4. Nf3 e6 5. Be2 Nd7 6. O-O h6 7. Nbd2 Ne7 8. Nb3 Ng6 9. Be3 Be7 10. h3 O-O 11. a4 Nh4 12. Nxh4 Bxh4 13. g4 Bh7 14. f4 f5 15. Bd3 Nb6 16. a5 Nc4 17. Bxc4 dxc4 18. Nc5 Qe7 19. Qf3 fxg4 20. hxg4 Bxc2 21.
Rfc1 Bh7 22. Rxc4 g5 23. Ne4 gxf4 24. Bf2 Bg5 25. Kg2 Qg7 26. Nd6 Rad8 27. Rh1 Rxd6 28.
exd6 Qd7 29. Rb4 Rf7 30. a6 b6 31. Rc4 Qxd6 32. Rxc6 Qd5 33. Rc8+ Kg7 34. Re1 Bg6 35. Re5 Qd6 36. Qb3 Qd7 37. Qxe6 Qxe6 38. Rxe6 Rd7 39. Rcc6 Bd3 40. d5 Bb5 41. Bd4+ Kg8 42. Rcd6 Rxd6 43. Rxd6 Bxa6 44. Rg6+ Kf7 45. Rg7+ Ke8 46. Rxa7 Bc4 47. d6 Bd5+ 48. Kf2 f3 49. d7+ Ke7 50. Bxb6 Bh4+ 51. Ke3 Ke6 52. d8=Q Bxd8 53.
Bxd8 Ke5 54. Re7+ Kd6 55. Rh7 1-0

[Event "Late-Titled-Tuesday-Blitz-June-25-2024"]
[Site "Chess.com"]
[Date "2024.06.25"]
[Round "11"]
[White "Statham_01"]
[Black "Kaustubh_Kodihalli"]
[Result "1-0"]
[WhiteElo "2692"]
[BlackElo "2458"]
[TimeControl "180+1"]
[EndTime "16:07:37 PDT"]
[Termination "Statham_01 won by resignation"]

1. a4 d5 2. h4 e5 3. a5 a6 4. h5 h6 5. d4 e4 6. c4 c6 7. Nc3 Nf6 8. Bf4 Bd6 9. Nh3 Bxh3 10.
Bxd6 Qxd6 11. Rxh3 O-O 12. c5 Qe7 13. e3 Nbd7 14.
g4 Nh7 15. Rg3 Ng5 16. Be2 f5 17. Qd2 fxg4 18. Bxg4 Rf7 19. O-O-O Raf8 20. Rf1 Nf6 21. Kb1 Nxg4 22. Rxg4 Qd8 23. Nd1 Qd7 24. Rg3 Rf3 25.
Rfg1 Qf7 26. Rxg5 hxg5 27. Rxg5 Rh3 28. Qb4 Rxh5 29. Rg1 Rh6 30. Ka2 Rg6 31. Rh1 Qf3 32.
Re1 Qf7 33. Rh1 Rh6 34. Rg1 Kh7 35. Qd2 Qc7 36. Ka3 Rf7 37. Ka4 Qh2 38. Rg5 Rg6 39.
Re5 Rg1 40. Qe2 g6 41. Kb3 Qh1 42. Nc3 Qf3 43. Qxf3 exf3 44. e4 dxe4 45. Nxe4 Kh6 46. Nd6 Rf4 47. Nxb7 Rxd4 48. Re6 Rf1 49. Nd6 Kg5 50.
Kc3 Rd5 51. b4 Rc1+ 52. Kb3 Kh5 53. Re3 Kg4 54. Nc4 Rcd1 55. Rc3 R1d3 56. Ne3+ Kh3 57. Nxd5 Rxd5 58. Rxf3+ Kg2 59. Rg3+ Kxf2 60. Rxg6 1-0

[Event "Late-Titled-Tuesday-Blitz-June-25-2024"]
[Site "Chess.com"]
[Date "2024.06.25"]
[Round "11"]
[White "KatakuriDono"]
[Black "dolynachess"]
[Result "0-1"]
[WhiteElo "2342"]
[BlackElo "2516"]
[TimeControl "180+1"]
[EndTime "16:07:37 PDT"]
[Termination "dolynachess won by checkmate"]

1. d4 Nf6 2. Nf3 g6 3. Nbd2 d5 4. e3 Bg7 5. b4 O-O 6. c4 b6 7. Be2 c5 8. bxc5 bxc5 9. O-O Nc6 10. Qa4 Bd7 11. Qd1 cxd4 12. exd4 Ne4 13. cxd5 Nc3 14. Qe1 Nxe2+ 15. Qxe2 Nxd4 16. Nxd4 Bxd4 17. Rb1 a6 18.
Nb3 Bb5 19. Qf3 Bxf1 20. Nxd4 Bb5 21. Bb2 Rb8 22. Nf5 f6 23. Nd4 Bd7 24. Qe2 Qb6 25.
h3 Rfe8 26. Nb3 Qd6 27. Rd1 Bb5 28. Qe3 Bc4 29. Bd4 Bxb3 30. axb3 Qxd5 31. Re1 Rxb3 32.
Qe6+ Qxe6 33. Rxe6 Kf7 34. Rxa6 Rd3 35. Bc5 Rd7 36. g3 Rc8 37. Be3 Rcd8 38. Kg2 Rd6 39. Ra7 R8d7 40. Ra8 Re6 41. Rb8 Kg7 42. Ra8 h5 43. h4 Red6 44. Rb8 Rd5 45. Ra8 e5 46. Rb8 Kf7 47. Rh8 Kg7 48. Ra8 Rd8 49. Ra7+ R5d7 50. Ra6 Kf7 51. Rb6 Rd6 52. Rb7+ R8d7 53. Rb8 Ke6 54.
Rg8 Kf5 55. Ra8 Rd3 56. Ra6 Rb7 57. Ra5 Rb2 58. Kg1 Rd1+ 59. Kg2 Re1 60. Bh6 g5 61.
hxg5 fxg5 62. Bg7 Ree2 63. Kg1 Rxf2 64. Rxe5+ Kg6 65. Bh8 Rfe2 66. Ra5 Re1# 0-1